 Dungeon Crawl Stone Soup version 0.17-a0-2122-g03d97ec (webtiles) character file.

0 Menchi the Skirmisher (level 1, -4/16 HPs)
             Began as a Kobold Wanderer on Oct 21, 2015.
             Slain by a kobold
             ... wielding a +2 vampiric whip
              (5 damage)
             ... on level 1 of the Dungeon.
             The game lasted 00:03:17 (126 turns).

Menchi the Skirmisher (Kobold Wanderer)              Turns: 126, Time: 00:03:17

Health: -4/16      AC:  2    Str: 11    XL:     1   Next: 11%
Magic:  0/2        EV: 13    Int:  9    God:
Gold:   8          SH:  0    Dex: 15    Spells: 1 memorised, 1 level left

rFire  . . .     SeeInvis .     e - +0 dagger
rCold  . . .     Clarity  .     d - +0 robe
rNeg   . . .     SustAt   .     (shield restricted)
rPois  .         Gourm    .     (no helmet)
rElec  .         Spirit   .     (no cloak)
rCorr  .         Warding  .     (no gloves)
rMut   .         Stasis   .     (no boots)
MR     .....                    (no amulet)
Stlth  +.........               (no ring)
                                (no ring)

@: very slightly contaminated, not resistant to hostile enchantments, very
unstealthy
A: carnivore 3
a: no special abilities


You were on level 1 of the Dungeon.
You were not hungry.

You visited 1 branch of the dungeon, and saw 1 of its levels.

You collected 8 gold pieces.

Inventory:

Hand Weapons
 e - a +0 dagger (weapon)
Armour
 d - a +0 robe (worn)
Potions
 g - a potion of beneficial mutation {unknown}
Books
 a - a book of Conjurations

   Spells                             Type                      Level
   a - Magic Dart                     Conjuration                  1
   b - Searing Ray                    Conjuration                  2
   c - Dazzling Spray                 Conjuration/Hexes            3
   d - Fulminant Prism                Conjuration/Hexes            4
   e - Iskenderun's Mystic Blast      Conjuration                  4
   f - Iskenderun's Battlesphere      Conjuration/Charms           5
 b - the Catalogue of the Entourage

   Spells                             Type                      Level
   a - Summon Small Mammal            Summoning                    1
   b - Call Canine Familiar           Summoning                    3
 c - the Reference Book on Heat

   Spells                             Type                      Level
   a - Flame Tongue                   Conjuration/Fire             1
   b - Inner Flame                    Hexes/Fire                   3
Comestibles
 f - a meat ration


   Skills:
 + Level 4.4 Fighting
   Level 1.0 Maces & Flails
 - Level 1.1 Throwing
 + Level 1.0 Spellcasting
 + Level 1.0 Conjurations
 + Level 1.0 Fire Magic
   Level 1.2 Evocations


You had one spell level left.
You knew the following spells:

 Your Spells              Type           Power        Failure   Level  Hunger
a - Flame Tongue          Conj/Fire      #....        28%         1    ##.....


Dungeon Overview and Level Annotations

Branches:
Dungeon (1/15)

Altars:


Innate Abilities, Weirdness & Mutations

You are small and have problems with some larger weapons.
You are carnivorous and can eat meat at any time.


Message History

The kobold barely misses you.
Casting: Flame Tongue
Confirm with . or Enter, or press ? or * to list all spells.
Aiming: Flame Tongue
Press: ? - help, Shift-Dir - straight line, f/p - kobold
Aim: a kobold, wielding a vampiric whip (heavily wounded)
You miscast Flame Tongue.
Nothing appears to happen.
The kobold hits you with a vampiric whip.
* * * LOW HITPOINT WARNING * * *
The kobold draws strength from your injuries!
You hit the kobold.
The kobold is moderately wounded.
The kobold hits you but does no damage.
You closely miss the kobold.
The kobold is moderately wounded.
The kobold barely misses you.
You hit the kobold.
The kobold is heavily wounded.
The kobold hits you with a vampiric whip.
You die...

....#. ♣.♣.♣.
#####.###.... ...#
##.# ..♣.♣.♣# #...
#..# #......# #..
##.####.##..####..
..............##.#
..##..........##.#
.....###....((.#.####
....## #######.(@K.?#
....# ##.###.# ..###
#... .## ###.. ##
.... ... ###


You could see a kobold.

Vanquished Creatures
  A giant newt (D:1)
1 creature vanquished.

Notes
Turn   | Place    | Note
--------------------------------------------------------------
     0 | D:1      | Menchi the Kobold Wanderer began the quest for the Orb.
     0 | D:1      | Menchi set off with: a book of Conjurations, the Catalogue of the Entourage, the Reference Book on Heat, a +0 robe, a +0 dagger, a meat ration
     0 | D:1      | Reached XP level 1. HP: 16/16 MP: 2/2
    53 | D:1      | Identified the Catalogue of the Entourage
    53 | D:1      | Identified the Reference Book on Heat
    55 | D:1      | Learned a level 1 spell: Flame Tongue
   126 | D:1      | Slain by a kobold

Vault maps used:
D:1:      zaba_arrival_water, serial_forest, infiniplex_forest_zigzag_1,
          infiniplex_forest_lined_corner, infiniplex_forest_straight_3,
          infiniplex_forest_clump_small, minmay_crystal_room, minmay_lizard_king

Action                   || total
-------------------------++-------
Melee: Dagger            ||    10
 Stab: Sleeping          ||     1
